 Dungeon Crawl Stone Soup version 0.18.1-5-g4a78601 (webtiles) character file.

38 dorian the Unweaver (level 3, -3/29 HPs)
             Began as a Demonspawn Abyssal Knight on May 13, 2016.
             Was a Follower of Lugonu.
             Slain by Crazy Yiuf
             ... wielding a +2 quarterstaff of chaos
              (9 damage)
             ... on level 2 of the Dungeon.
             The game lasted 00:02:01 (1185 turns).

dorian the Unweaver (Demonspawn Abyssal Knight)     Turns: 1185, Time: 00:02:02

Health: -3/29      AC: 11    Str: 12    XL:     3   Next: 25%
Magic:  0/5        EV: 10    Int: 14    God:    Lugonu [*.....]
Gold:   37         SH:  0    Dex: 12    Spells: 0 memorised, 2 levels left

rFire  + . .     SeeInvis .     s - +0 mace (protect)
rCold  . . .     Gourm    .     e - +0 ring mail
rNeg   . . .     Faith    .     (no shield)
rPois  .         Spirit   +     (no helmet)
rElec  .         Dismiss  .     (no cloak)
rCorr  .         Reflect  .     (no gloves)
SustAt .         Harm     .     (no boots)
MR     .....                    (no amulet)
Stlth  ..........               i - ring of loudness (curse)
                                h - ring of protection from fire

@: drained, not resistant to hostile enchantments, extremely unstealthy
A: molten scales 1, magic shield
a: Depart the Abyss, Renounce Religion


You were on level 2 of the Dungeon.
You worshipped Lugonu.
Lugonu was aware of your devotion.
You were not hungry.

You visited 1 branch of the dungeon, and saw 2 of its levels.
You visited the Abyss 1 time.

You collected 37 gold pieces.

Inventory:

Hand Weapons
 a - a +1 mace
 s - a +0 mace of protection (weapon)
Armour
 b - a +0 leather armour
 e - a +0 ring mail (worn)
Jewellery
 h - a ring of protection from fire (left hand)
 i - a cursed ring of loudness (right hand)
 l - an uncursed ring of stealth {unknown}
 q - an uncursed amulet of faith {unknown}
Scrolls
 j - a scroll of teleportation {unknown}
 k - a scroll of random uselessness {unknown}
 o - a scroll of immolation {unknown}
 r - 2 scrolls of remove curse {unknown}
Potions
 f - a potion of resistance {unknown}
 g - a potion of ambrosia {unknown}
 m - a potion of lignification {unknown}
Comestibles
 c - 2 bread rations
 d - a beef jerky
 n - 3 chunks of flesh
 p - a slice of pizza


   Skills:
 - Level 3.0(2.7) Fighting
 + Level 2.6(2.4) Maces & Flails
 - Level 1.7(1.5) Armour
 - Level 0.8(0.6) Dodging
 + Level 3.8(3.6) Invocations


You had 2 spell levels left.
You didn't know any spells.

Dungeon Overview and Level Annotations

Branches:
Dungeon (2/15)

Altars:
Ashenzari

Annotations:
D:2 Crazy Yiuf


Innate Abilities, Weirdness & Mutations

You are partially covered in molten scales (AC +1).
When hurt, damage is shared between your health and your magic reserves.


Message History

You are too injured to fight recklessly!
You are too injured to fight recklessly!
You hit Crazy Yiuf but do no damage.
Crazy Yiuf is severely wounded.
Crazy Yiuf hits you with a quarterstaff of chaos.
* * * LOW HITPOINT WARNING * * *
You hit Crazy Yiuf but do no damage.
Crazy Yiuf is severely wounded.
Crazy Yiuf hits you but does no damage.
You feel drained. Crazy Yiuf hits you but does no damage.
You hit Crazy Yiuf.
Crazy Yiuf is severely wounded.
Crazy Yiuf misses you.
You hit Crazy Yiuf.
Crazy Yiuf is almost dead.
Crazy Yiuf hits you but does no damage.
Your ring mail prevents you from hitting Crazy Yiuf.
Crazy Yiuf is almost dead.
Crazy Yiuf hits you with a quarterstaff of chaos!
You die...

#.#.# #.#.# #.#.#
###.#.# ##.....##
#....)..##♣♣♣♣♣
#..#....+.).♣.♣♣♣ ###
#............♣..♣#...#
............♣♣♣♣@g...#
#.......+..♣♣ ♣♣#..)#
#######.##♣♣ ### ..#
#######.# ........# .#
#.. .#### #. ......


You could see Crazy Yiuf.

Vanquished Creatures
  4 dart slugs
  2 giant geckos (D:1)
  5 bats (D:1)
  2 giant cockroaches (D:1)
  3 goblins (D:1)
  3 hobgoblins
  2 giant newts (D:1)
  3 kobolds (D:1)
  5 rats (D:1)
29 creatures vanquished.

Notes
Turn   | Place    | Note
--------------------------------------------------------------
     0 | Abyss:1  | dorian the Demonspawn Abyssal Knight began the quest for the Orb.
     0 | Abyss:1  | Reached XP level 1. HP: 18/18 MP: 2/2
    50 | Abyss:1  | Noticed a neqoxec
    50 | D:1      | Escaped the Abyss
   229 | D:1      | Gained mutation: You are partially covered in molten scales (AC +1). [demonic ancestry]
   229 | D:1      | Reached XP level 2. HP: 22/24 MP: 2/4
   340 | D:1      | Reached * piety under Lugonu
   609 | D:1      | Found a shattered altar of Ashenzari.
   872 | D:1      | Gained mutation: When hurt, damage is shared between your health and your magic reserves. [demonic ancestry]
   872 | D:1      | Reached XP level 3. HP: 29/29 MP: 5/5
  1173 | D:2      | Noticed Crazy Yiuf
  1185 | D:2      | Slain by Crazy Yiuf

Skill      XL: |  1 |
---------------+----+-----
Maces & Flails | 2 |  2.6
Invocations    | 3 |  3.8
Fighting       | |  3.0
Armour         | |  1.7
Dodging        | |  0.8

Action                   || total
-------------------------++-------
Melee: Mace              ||   110
Invok: Depart the Abyss  ||     1
  Eat: Chunk             ||     1
Armor: Leather armour    ||     8
       Ring mail         ||    48
Dodge: Dodged            ||    67
